AoeStats
← 布丁

Arena

507985695Analyzed
4v4 RM · 11d ago on Sep 20, 2026· 79m 9s· 8 players
Game mode
Random Map
Map size
Large (8 player)
Population
200
Speed
Normal
Resources
Standard
Victory
Conquest
Starting age
Dark Age
Ending age
Imperial Age
RankedLock teamsTeams togetherTeam positionsShared explorationLock speedFull tech treeHidden civsTurbo modeCheats
Victory
Defeat
🇹🇷 Britons · Türkiye
901
+15
🇨🇳 Persians · China
862
+16
🇹🇼 Goths · Taiwan
861
+16
🇻🇪 Turks · Venezuela
855
+17
🇹🇷 Turks · Türkiye
890
-17
🇹🇷 Persians · Türkiye
882
-17
🇩🇪 Huns · Germany
850
-15
🇫🇷 Inca · France
850
-15
Spironolacton
11:27 Feudal Age
16:45 Castle Age
14:48 Double-Bit Axe
17:52 Bow Saw
18:47 Horse Collar
20:43 Loom
22:35 Heavy Plow
23:20 Gold Mining
25:50 Wheelbarrow
27:22 Hand Cart
28:37 Scale Barding Armor
28:42 Forging
31:58 Imperial Age
29:36 Marauders
30:08 Chain Barding Armor
31:04 Bloodlines
30:57 Husbandry
32:02 Iron Casting
31:38 Light Cavalry
33:55 Two-Man Saw
33:05 Elite Tarkan
34:47 Gold Shaft Mining
34:02 Elite Skirmisher
35:29 Plate Barding Armor
36:46 Blast Furnace
36:35 Padded Archer Armor
36:25 Fletching
36:39 Hussar
38:36 Leather Archer Armor
38:21 Bodkin Arrow
42:12 Bracer
55:50 Chemistry
55:01 Masonry
54:46 Murder Holes
57:37 Pikeman
59:20 Scale Mail Armor
59:47 Halberdier
60:44 Chain Mail Armor
Delii
0:26 Loom
0:38 Loom
19:54 Feudal Age
21:01 Double-Bit Axe
21:00 Horse Collar
21:12 Gold Mining
21:12 Stone Mining
23:30 Castle Age
23:45 Padded Archer Armor
25:08 Leather Archer Armor
28:14 Imperial Age
26:06 Bow Saw
27:58 Wheelbarrow
29:14 Hand Cart
30:57 Elite Janissary
32:49 Conscription
33:51 Two-Man Saw
32:52 Heavy Plow
33:55 Gold Shaft Mining
34:05 Ballistics
34:37 Ring Archer Armor
34:22 Town Watch
37:38 Artillery
49:31 Theocracy
53:10 Heavy Scorpion
Skibidi Bop
10:44 Feudal Age
12:41 Loom
14:57 Castle Age
13:18 Horse Collar
13:52 Double-Bit Axe
14:37 Stone Mining
15:22 Gold Mining
19:21 Forging
19:12 Scale Mail Armor
19:41 Champi Runner
20:23 Squires
23:07 Padded Archer Armor
23:18 Champi Warrior
24:02 Fletching
24:18 Heavy Plow
24:35 Arson
25:12 Leather Archer Armor
26:09 Elite Skirmisher
28:17 Bow Saw
28:50 Bow Saw
28:58 Bodkin Arrow
29:39 Iron Casting
29:21 Chain Mail Armor
32:31 Gold Shaft Mining
32:33 Stone Shaft Mining
35:18 Imperial Age
36:11 Elite Champi Warrior
37:58 Blast Furnace
37:28 Ring Archer Armor
36:59 Bracer
41:49 Plate Mail Armor
41:58 Plate Mail Armor
41:30 Bracer
41:52 Pikeman
43:42 Halberdier
45:43 Chemistry
45:53 Wheelbarrow
47:27 Ballistics
52:58 Andean Sling
52:22 Elite Kamayuk
54:56 Caravan
69:39 Hand Cart
Karabasan
0:27 Loom
11:19 Feudal Age
18:29 Castle Age
16:37 Horse Collar
17:19 Double-Bit Axe
17:29 Gold Mining
28:41 Imperial Age
28:18 Wheelbarrow
27:30 Town Watch
28:21 Husbandry
30:36 Scale Barding Armor
30:43 Forging
33:26 Chemistry
33:13 Kamandaran
33:08 Heavy Camel Rider
34:22 Bow Saw
34:07 Stone Mining
34:12 Crossbowman
36:10 Hand Cart
37:08 Chain Barding Armor
38:13 Thumb Ring
42:37 Pikeman
43:18 Squires
43:04 Arson
43:24 Halberdier
46:44 Heavy Plow
48:12 Scale Mail Armor
48:13 Padded Archer Armor
52:45 Chain Mail Armor
53:07 Iron Casting
60:10 Conscription
61:39 Plate Barding Armor
61:35 Plate Mail Armor
62:06 Blast Furnace
62:52 Crop Rotation
62:44 Bloodlines
61:55 Light Cavalry
62:56 Hussar
68:32 Two-Man Saw
74:46 Fletching
75:12 Leather Archer Armor
brunox.acosta
2:15 Loom
10:38 Feudal Age
12:53 Horse Collar
14:59 Double-Bit Axe
21:09 Castle Age
19:24 Stone Mining
21:09 Scale Barding Armor
22:38 Forging
23:03 Bow Saw
22:55 Heavy Plow
27:01 Gold Mining
28:36 Wheelbarrow
28:40 Town Watch
30:09 Gold Shaft Mining
34:33 Imperial Age
33:40 Bloodlines
34:16 Fortified Wall
34:31 Ballistics
35:44 Fletching
35:54 Padded Archer Armor
41:18 Chain Barding Armor
41:33 Iron Casting
41:32 Elite Janissary
45:46 Husbandry
49:52 Plate Barding Armor
50:18 Blast Furnace
50:15 Hand Cart
54:49 Two-Man Saw
59:22 Caravan
64:43 Town Patrol
Eskiçeri
11:00 Feudal Age
16:01 Castle Age
22:40 Wheelbarrow
24:57 Crossbowman
27:17 Murder Holes
28:41 Hand Cart
29:35 Double-Bit Axe
29:32 Horse Collar
31:08 Bow Saw
31:00 Heavy Plow
33:59 Imperial Age
32:18 Gold Mining
34:06 Yeomen
34:11 Ballistics
34:22 Padded Archer Armor
34:13 Fletching
34:33 Forging
36:44 Conscription
37:00 Hoardings
35:45 Elite Longbowman
36:48 Arbalester
37:54 Loom
37:55 Town Watch
38:28 Leather Archer Armor
38:09 Bodkin Arrow
39:16 Chemistry
38:02 Arrowslits
45:48 Ring Archer Armor
45:18 Bracer
46:31 Two-Man Saw
48:13 Elite Skirmisher
50:52 Iron Casting
50:30 Fortified Wall
50:31 Masonry
51:23 Pikeman
52:04 Squires
53:07 Halberdier
57:30 Caravan
1684017744
6:44 Loom
11:20 Feudal Age
15:36 Castle Age
13:57 Double-Bit Axe
17:52 Bow Saw
27:18 Wheelbarrow
30:15 Imperial Age
29:24 Bloodlines
29:16 Husbandry
29:59 Forging
29:55 Scale Barding Armor
30:21 Hand Cart
30:02 Gold Mining
30:03 Stone Mining
29:54 Cavalier
31:39 Chemistry
31:40 Iron Casting
32:11 Chain Barding Armor
32:05 Horse Collar
33:38 Two-Man Saw
33:16 Gold Shaft Mining
33:54 Blast Furnace
33:21 Heavy Plow
34:22 Plate Barding Armor
35:03 Crop Rotation
35:12 Stone Shaft Mining
35:14 Conscription
37:17 Savar
37:29 Light Cavalry
44:06 Caravan
44:18 Guilds
46:43 Hussar
48:35 Murder Holes
48:51 Masonry
49:02 Ballistics
48:44 Scale Mail Armor
48:36 Fletching
48:46 Padded Archer Armor
49:25 Devotion
49:44 Chain Mail Armor
49:00 Elite Skirmisher
50:06 Parthian Tactics
49:47 Thumb Ring
50:34 Bodkin Arrow
50:54 Leather Archer Armor
52:43 Plate Mail Armor
52:20 Kamandaran
53:07 Pikeman
53:33 Gambesons
53:49 Squires
53:34 Arson
56:26 Ring Archer Armor
56:52 Halberdier
58:36 Onager
67:12 Architecture
布丁
1:12 Loom
13:02 Feudal Age
14:41 Wheelbarrow
17:17 Castle Age
16:34 Double-Bit Axe
16:35 Horse Collar
18:25 Bow Saw
19:40 Hand Cart
33:05 Imperial Age
31:04 Anarchy
31:11 Gold Mining
31:12 Stone Mining
31:27 Heavy Plow
31:48 Squires
31:09 Pikeman
33:10 Scale Mail Armor
33:47 Halberdier
33:58 Elite Skirmisher
37:00 Chain Mail Armor
36:55 Forging
36:25 Elite Huskarl
38:08 Crop Rotation
38:15 Conscription
38:38 Perfusion
52:13 Caravan
54:26 Iron Casting
65:08 Chemistry
Connection lost

Rejoining the realm…

Still unreachable

The connection could not be restored.

Session expired

The server has moved on; the page needs a fresh start.